 Dungeon Crawl Stone Soup version 0.17.1-2-g5865329 (webtiles) character file.

6801 PossumBlood the Thaumaturge (level 10, -4/50 HPs)
             Began as a Deep Elf Wizard on Jan 22, 2016.
             Was a Follower of Vehumet.
             Slain by an orc priest
             ... wielding a +0 trident
              (7 damage)
             ... on level 9 of the Dungeon.
             The game lasted 01:32:07 (13570 turns).

PossumBlood the Thaumaturge (Deep Elf Wizard)      Turns: 13570, Time: 01:32:07

Health: -4/50      AC:  4    Str:  4    XL:     10   Next: 76%
Magic:  11/39      EV: 12    Int: 27    God:    Vehumet [*.....]
Gold:   217        SH:  0    Dex: 11    Spells: 8 memorised, 19 levels left

rFire  . . .     SeeInvis .     q - +4 falchion "Asiuff" {holy, *Contam +Fly Stlth+}
rCold  . . .     Clarity  .     a - +0 robe
rNeg   + + .     SustAt   .     (no shield)
rPois  .         Gourm    .     x - +1 hat
rElec  .         Spirit   .     (no cloak)
rCorr  .         Warding  .     (no gloves)
rMut   .         Stasis   .     r - +0 pair of boots
MR     +....                    D - amulet "Ethra" {Inacc rN+}
Stlth  +++.......               k - ring of positive energy
                                h - ring of magical power

@: repel missiles, somewhat resistant to hostile enchantments, fairly stealthy
A: clumsy 1
a: Renounce Religion, Evoke Flight


You were on level 9 of the Dungeon.
You worshipped Vehumet.
Vehumet was aware of your devotion.
You were not hungry.

You visited 2 branches of the dungeon, and saw 10 of its levels.

You collected 401 gold pieces.
You spent 184 gold pieces at shops.

Inventory:

Hand Weapons
 d - a +0 quarterstaff
 f - a +1 dagger
 q - the +4 falchion "Asiuff" (weapon) {holy, *Contam +Fly Stlth+}
   (You found it on level 7 of the Dungeon)

   It has been blessed by the Shining One to cause great damage to the undead
   and demons.
   It lets you fly.
   It causes magical contamination when unequipped.
   It makes you more stealthy.
Armour
 a - a +0 robe (worn)
 r - a +0 pair of boots (worn)
 x - a +1 hat (worn)
 y - the +2 helmet "Aharaitt" {-Tele rPois rF+ rN+}
   (You found it on level 5 of the Dungeon)

   It protects you from fire.
   It protects you from poison.
   It protects you from negative energy.
   It prevents most forms of teleportation.
Jewellery
 e - an uncursed amulet of resist corrosion
 h - a ring of magical power (left hand)
 k - a ring of positive energy (right hand)
 m - an uncursed amulet of rage
 p - an uncursed amulet of the gourmand
 z - an uncursed amulet of clarity
 D - the amulet "Ethra" (around neck) {Inacc rN+}
   (You found it on level 8 of the Dungeon)

   [amulet of inaccuracy]

   It reduces the accuracy of all your attacks.
   It protects you from negative energy.
 H - an uncursed ring of positive energy
Wands
 o - a wand of flame (28)
 A - a wand of flame (33)
 B - a wand of teleportation (2)
 C - a wand of heal wounds (4)
Scrolls
 j - 4 scrolls of remove curse
Potions
 b - a potion of cancellation
 l - a potion of magic
 n - a potion of flight {unknown}
 s - a potion of cure mutation {unknown}
 u - a potion of haste {unknown}
 v - a potion of might {unknown}
 w - a potion of agility {unknown}
Books
 c - a book of Minor Magic

   Spells                             Type                      Level
   a - Magic Dart                     Conjuration                  1
   b - Blink                          Translocation                2
   c - Call Imp                       Summoning                    2
   d - Repel Missiles                 Charms/Air                   2
   e - Slow                           Hexes                        2
   f - Conjure Flame                  Conjuration/Fire             3
   g - Mephitic Cloud                 Conjuration/Poison/Air       3
 g - the Reference Book on the Lethal Blaze
   (You found it on level 8 of the Dungeon)

   Spells                             Type                      Level
   a - Throw Flame                    Conjuration/Fire             2
   b - Ignite Poison                  Fire/Transmutation/Poison    3
   c - Inner Flame                    Hexes/Fire                   3
   d - Sticky Flame                   Conjuration/Fire             4
 G - the Volume of Feathers
   (You found it on level 9 of the Dungeon)

   Spells                             Type                      Level
   a - Shock                          Conjuration/Air              1
   b - Airstrike                      Air                          4
   c - Tornado                        Air                          9
Miscellaneous
 E - a lantern of shadows
Comestibles
 i - 3 meat rations
 F - 5 royal jellies


   Skills:
 - Level 2.4 Dodging
 - Level 2.4 Stealth
 + Level 14.7 Spellcasting
 - Level 12.0 Conjurations
   Level 1.1 Summonings
 - Level 1.1 Translocations
 + Level 4.4 Fire Magic


You had 19 spell levels left.
You knew the following spells:

 Your Spells              Type           Power        Failure   Level  Hunger
a - Magic Dart            Conj           ####         1%          1    None
b - Blink                 Tloc           N/A          2%          2    None
c - Repel Missiles        Chrm/Air       ###...       4%          2    None
d - Slow                  Hex            ###.....     4%          2    None
e - Conjure Flame         Conj/Fire      ######..     1%          3    None
f - Mephitic Cloud        Conj/Pois/Air  #####...     1%          3    None
g - Throw Flame           Conj/Fire      ######       1%          2    None
h - Sticky Flame          Conj/Fire      ######..     1%          4    None


Dungeon Overview and Level Annotations

Branches:
Dungeon (9/15)             Temple (1/1) D:6            Lair (0/8) D:8
    Orc: D:9-12

Altars:
Ashenzari
Cheibriados
Dithmenos
Elyvilon
Fedhas
Gozag
Kikubaaqudgha
Makhleb
Nemelex Xobeh
Okawaru
Qazlal
Ru
Sif Muna
Trog
Vehumet
Xom
Yredelemnul
The Shining One

Shops:
D:4 *   D:5 %   D:7 ?


Innate Abilities, Weirdness & Mutations

You are clumsy. (Dex -2)


Message History

The orc priest barely misses you.
Casting: Throw Flame
Confirm with . or Enter, or press ? or * to list all spells.
Aiming: Throw Flame
Press: ? - help, Shift-Dir - straight line, f/p - orc wizard
Aim: an orc wizard, wielding a dagger and wearing a robe (lightly wounded)
The puff of flame misses the orc wizard.
The puff of flame misses the phantom.
The orc wizard casts a spell at you. The puff of flame hits you!
* * * LOW HITPOINT WARNING * * *
The orc priest calls down the wrath of Beogh upon you.
You resist with significant effort.
Drink which item? (? for menu, Esc to quit)
Okay, then.
Read which item? (? for menu, Esc to quit)
As you read the scroll of fog, it crumbles to dust.
The scroll dissolves into smoke.
The orc priest hits you from afar with a trident!
You die...

...................###...)....##'
...................# #....)...##.
###+####....###....###........#..
##...# #)).............(.[
#...###.)..............(.
#....)...................
#....).Woo...............
#..#####§#####........... #...#
#@# #........... #....# #§#
#........... #....# #§#
#........... ...... #.#
#........... .... #.#
#........... .. #.# #...........
.... #.# #...........
.....#####.#####...........
..........)................


You could see a phantom, an orc priest and an orc wizard.

Vanquished Creatures
  Joseph (D:8)
  A queen bee (D:8)
  A shadow (D:8)
  2 yaks (D:8)
  A hill giant zombie (D:9)
  A hippogriff (D:7)
  A deep elf fighter (D:8)
  2 hungry ghosts
  An orc warrior (D:9)
  4 sky beasts
  A water moccasin (D:6)
  An ice beast (D:8)
  A black bear (D:7)
  8 ogres
  2 phantoms
  A centaur (D:8)
  2 necrophages
  5 giant frogs
  A water moccasin skeleton (D:8)
  3 scorpions
  24 killer bees (D:8)
  A centaur zombie (D:5)
  3 crimson imps
  12 orc wizards
  A centaur skeleton (D:4)
  3 hounds
  3 jellies (D:8)
  A giant frog skeleton (D:8)
  10 orc priests
  2 iguanas
  6 worker ants
  5 ogre zombies (D:9)
  A hound zombie (D:8)
  2 hound skeletons
  8 gnolls
  A river rat (D:8)
  8 adders
  An adder zombie (D:5)
  2 worms
  9 giant geckos
  47 orcs
  19 bats
  3 giant cockroaches
  8 goblins
  5 hobgoblins
  20 jackals
  18 kobolds
  9 quokkas
  2 ball pythons
  A giant gecko skeleton (D:5)
  7 giant newts
  A goblin skeleton (D:9)
  2 goblin zombies (D:9)
  An orc skeleton (D:9)
  10 orc zombies (D:9)
  16 rats
312 creatures vanquished.

Vanquished Creatures (collateral kills)
  A yak (D:8)
1 creature vanquished.

Vanquished Creatures (others)
  A jackal (D:1)
  16 fungi (D:8)
  15 plants (D:8)
32 creatures vanquished.

Grand Total: 345 creatures vanquished

Notes
Turn   | Place    | Note
--------------------------------------------------------------
     0 | D:1      | PossumBlood the Deep Elf Wizard began the quest for the Orb.
     0 | D:1      | Reached XP level 1. HP: 10/10 MP: 7/7
   246 | D:1      | Reached XP level 2. HP: 15/15 MP: 2/9
   308 | D:1      | Learned a level 2 spell: Blink
   311 | D:1      | Learned a level 2 spell: Repel Missiles
   568 | D:1      | Reached skill level 5 in Spellcasting
   757 | D:1      | Reached XP level 3. HP: 19/19 MP: 8/11
  1373 | D:2      | Reached XP level 4. HP: 18/24 MP: 3/13
  1651 | D:2      | Found a faded altar to an unknown god.
  1877 | D:3      | Learned a level 2 spell: Slow
  1882 | D:3      | Learned a level 3 spell: Conjure Flame
  1886 | D:3      | Learned a level 3 spell: Mephitic Cloud
  2060 | D:3      | Found a basalt altar of Yredelemnul.
  2227 | D:3      | Noticed a sky beast
  2253 | D:3      | Killed a sky beast
  2253 | D:3      | Reached skill level 6 in Spellcasting
  2253 | D:3      | Reached XP level 5. HP: 23/28 MP: 3/15
  2927 | D:4      | Reached skill level 5 in Conjurations
  2942 | D:4      | You fall through a shaft for 3 floors!
  2956 | D:7      | Found a sacrificial altar of Ru.
  2997 | D:7      | Got a transparent falchion
  2998 | D:7      | Identified the +4 falchion "Asiuff" {holy, *Contam +Fly Stlth+} (You found it on level 7 of the Dungeon)
  3008 | D:7      | Found a glowing golden altar of the Shining One.
  3038 | D:5      | Entered Level 5 of the Dungeon
  3178 | D:4      | Reached XP level 6. HP: 27/32 MP: 17/17
  3192 | D:4      | Reached skill level 7 in Spellcasting
  3757 | D:4      | Noticed an ogre
  3767 | D:4      | Killed an ogre
  4006 | D:4      | Reached XP level 7. HP: 36/36 MP: 20/20
  4058 | D:4      | Found Leqin's Assorted Antiques.
  4067 | D:4      | Bought a scroll labeled EGRUMM XEMN for 23 gold pieces
  4069 | D:4      | Bought a purple potion for 20 gold pieces
  4069 | D:4      | Bought a viscous inky potion for 20 gold pieces
  4069 | D:4      | Bought a coppery potion for 20 gold pieces
  4069 | D:4      | Bought a potion of curing for 69 gold pieces
  4086 | D:4      | Reached skill level 8 in Spellcasting
  4550 | D:5      | Noticed an ogre
  4563 | D:5      | Killed an ogre
  4563 | D:5      | Reached skill level 9 in Spellcasting
  4778 | D:5      | Reached XP level 8. HP: 41/41 MP: 23/23
  4810 | D:5      | Found Puviff's Food Shoppe.
  4818 | D:5      | Bought a beef jerky for 16 gold pieces
  4818 | D:5      | Bought a slice of pizza for 16 gold pieces
  5029 | D:5      | Got a shimmering helmet
  5040 | D:5      | Identified the +2 helmet "Aharaitt" {-Tele rPois rF+ rN+} (You found it on level 5 of the Dungeon)
  5678 | D:6      | Noticed a phantom
  5690 | D:6      | Killed a phantom
  6127 | D:6      | Found a staircase to the Ecumenical Temple.
  6133 | Temple   | Entered the Ecumenical Temple
  6437 | D:6      | Noticed a water moccasin
  6454 | D:6      | Noticed a necrophage
  6466 | D:6      | Killed a necrophage
  6466 | D:6      | Reached skill level 10 in Spellcasting
  6475 | D:6      | Killed a water moccasin
  7083 | D:7      | Found a shimmering altar of Xom.
  7086 | D:7      | Found a burning altar of Makhleb.
  7273 | D:7      | Noticed a black bear
  7285 | D:7      | Killed a black bear
  7601 | D:7      | Found a stormy altar of Qazlal.
  7691 | D:7      | Found Ticzyap's Magic Scroll Boutique.
  7838 | D:7      | Noticed an ogre
  7906 | D:7      | Killed an ogre
  7906 | D:7      | Reached skill level 11 in Spellcasting
  8259 | D:8      | Found a large runed door.
  8259 | D:8      | Noticed Joseph
  8275 | D:8      | Killed Joseph
  8275 | D:8      | Reached XP level 9. HP: 3/45 MP: 19/26
  8555 | D:8      | Gained mutation: You are clumsy. (Dex -2) [mutagenic glow]
  8619 | D:8      | Found a large runed door.
  8619 | D:8      | Found a large runed door.
  8619 | D:8      | Found a large runed door.
  8646 | D:8      | Reached skill level 10 in Conjurations
  8655 | D:8      | Reached skill level 12 in Spellcasting
  9260 | D:8      | Got a crude amethyst amulet
  9265 | D:8      | Identified the amulet "Ethra" {Inacc rN+} (You found it on level 8 of the Dungeon)
 10066 | D:8      | Reached skill level 13 in Spellcasting
 10135 | D:8      | Reached XP level 10. HP: 26/50 MP: 2/29
 10367 | D:8      | Noticed a queen bee
 10374 | D:8      | Killed a queen bee
 11002 | D:8      | Identified the Reference Book on the Lethal Blaze
 11293 | D:8      | Learned a level 2 spell: Throw Flame
 11298 | D:8      | Learned a level 4 spell: Sticky Flame
 11444 | D:8      | Found a staircase to the Lair.
 11484 | D:8      | Reached skill level 14 in Spellcasting
 11803 | D:8      | Reached skill level 1 in Fire Magic
 12665 | D:9      | Identified the Volume of Feathers
 12736 | D:9      | Found a snail-covered altar of Cheibriados.
 12736 | D:9      | Found a shadowy altar of Dithmenos.
 12744 | D:9      | Found a shattered altar of Ashenzari.
 12806 | D:9      | Found an ancient bone altar of Kikubaaqudgha.
 12806 | D:9      | Found a radiant altar of Vehumet.
 12811 | D:9      | Became a worshipper of Vehumet
 13418 | D:9      | Reached * piety under Vehumet
 13418 | D:9      | Offered knowledge of Sandblast by Vehumet.
 13569 | D:9      | HP: 2/50 [orc wizard/puff of flame (11)]
 13570 | D:9      | Slain by an orc priest

Action                   |  1- 3 |  4- 6 |  7- 9 | 10-12 || total
-------------------------+-------+-------+-------+-------++-------
Melee: Falchion          |       |       |       |     1 ||     1
 Cast: Magic Dart        |   102 |   156 |   483 |   106 ||   847
       Repel Missiles    |     1 |     2 |     2 |       ||     5
       Conjure Flame     |       |     6 |    44 |    34 ||    84
       Blink             |       |     3 |    19 |    10 ||    32
       Mephitic Cloud    |       |       |     2 |       ||     2
       Throw Flame       |       |       |       |   196 ||   196
       Sticky Flame      |       |       |       |     8 ||     8
 Abil: Evoke Flight      |       |     1 |       |     1 ||     2
  Use: Scroll            |     5 |     6 |     9 |     1 ||    21
       Potion            |     3 |       |     2 |     4 ||     9
  Eat: Bread ration      |     1 |       |     2 |       ||     3
       Beef jerky        |       |     1 |     2 |     1 ||     4
       Royal jelly       |       |     1 |       |     2 ||     3
       Meat ration       |       |     1 |       |     1 ||     2
       Pizza             |       |       |     2 |       ||     2
